| TOP OF THE 1ST |
|
Pawtucket Red Sox batting - Pitching for Round Rock Express : RHP Corey Larimer
|
|
Pitching: RHP Corey Larimer
|
|
|
Batting: LHB Tim Fuller
|
0-0: Ball 1-0: Foul Ball, location: 2F 1-1: Foul Ball, location: 2F 1-2: Fly out, F6 (Popup, 6MS, EV 65.0 MPH)
|
|
Batting: LHB Jarrett Mordecai
|
0-0: Ball 1-0: Foul Ball, location: 2F 1-1: Ball 2-1: Ball 3-1: Called Strike 3-2: Strikes out swinging
|
|
Batting: LHB Mike Mentzer
|
0-0: Called Strike 0-1: Called Strike 0-2: Ball 1-2: Ball 2-2: Ground out 4-3 (Groundball, 4, EV 103.8 MPH)
|
| Top of the 1st over - 0 runs, 0 hits, 0 errors, 0 left on base; Pawtucket 0 - Round Rock 0 |
| BOTTOM OF THE 1ST |
|
Round Rock Express batting - Pitching for Pawtucket Red Sox : RHP Adam Thomas
|
|
Pitching: RHP Adam Thomas
|
|
|
Batting: SHB David Simpson
|
0-0: Ball 1-0: Called Strike 1-1: Ball 2-1: Ball 3-1: Foul Ball, location: 2F 3-2: Base on Balls
|
|
Batting: RHB Rodolfo Contreras
|
0-0: Ball 1-0: Ball 2-0: Swinging Strike 2-1: Swinging Strike 2-2: Strikes out swinging
|
|
Batting: SHB Greg Prime
|
0-0: Ball David Simpson steals 2nd base 1-0: Ball 2-0: Foul Ball, location: 2F 2-1: Ground out 3-1 (Groundball, 34S, EV 83.8 MPH) David Simpson to third
|
|
Batting: RHB Ernie Weathersbee
|
0-0: Ball 1-0: Fly out, F9 (Flyball, 9D, EV 106.2 MPH)
|
| Bottom of the 1st over - 0 runs, 0 hits, 0 errors, 1 left on base; Pawtucket 0 - Round Rock 0 |
| TOP OF THE 2ND |
|
Pawtucket Red Sox batting - Pitching for Round Rock Express : RHP Corey Larimer
|
|
Batting: LHB John Bailey
|
0-0: Fly out, F8 (Flyball, 8RD, EV 76.9 MPH)
|
|
Batting: RHB Ernie Genier
|
0-0: Swinging Strike 0-1: Called Strike 0-2: Ball 1-2: Foul Ball, location: 2F 1-2: Fly out, F7 (Line Drive, 78M, EV 92.5 MPH)
|
|
Batting: RHB Dan Friess
|
0-0: Called Strike 0-1: Ground out 3-1 (Groundball, 34, EV 103.1 MPH)
|
| Top of the 2nd over - 0 runs, 0 hits, 0 errors, 0 left on base; Pawtucket 0 - Round Rock 0 |
| BOTTOM OF THE 2ND |
|
Round Rock Express batting - Pitching for Pawtucket Red Sox : RHP Adam Thomas
|
|
Batting: RHB Jason Keller
|
0-0: Ground out U3 (Groundball, 3, EV 102.5 MPH)
|
|
Batting: RHB Ivan Colon
|
0-0: Ball 1-0: Ball 2-0: Called Strike 2-1: Ball 3-1: Foul Ball, location: 2F 3-2: Foul Ball, location: 2F 3-2: Ground out 4-3 (Groundball, 6, EV 84.4 MPH)
|
|
Batting: RHB John Loving
|
0-0: Foul Ball, location: 2F 0-1: Swinging Strike 0-2: Foul Ball, location: 2F 0-2: Foul Ball, location: 2F 0-2: Ground out 6-3 (Groundball, 6, EV 86.2 MPH)
|
| Bottom of the 2nd over - 0 runs, 0 hits, 0 errors, 0 left on base; Pawtucket 0 - Round Rock 0 |
| TOP OF THE 3RD |
|
Pawtucket Red Sox batting - Pitching for Round Rock Express : RHP Corey Larimer
|
|
Batting: RHB Eric Garrett
|
0-0: Ball 1-0: Called Strike 1-1: Ball 2-1: Ground out 5-3 (Groundball, 56, EV 94.4 MPH)
|
|
Batting: RHB Brandon Perris
|
0-0: Fly out, F9 (Flyball, 9S, EV 90.0 MPH)
|
|
Batting: LHB Mike Jones
|
0-0: Called Strike 0-1: Ball 1-1: Swinging Strike 1-2: Ball 2-2: Ball 3-2: Base on Balls
|
|
Batting: LHB Tim Fuller
|
0-0: Ball 1-0: Called Strike Mike Jones is caught stealing 2nd base 2-6
|
| Top of the 3rd over - 0 runs, 0 hits, 0 errors, 0 left on base; Pawtucket 0 - Round Rock 0 |
| BOTTOM OF THE 3RD |
|
Round Rock Express batting - Pitching for Pawtucket Red Sox : RHP Adam Thomas
|
|
Batting: RHB Dale Aubrey
|
0-0: Called Strike 0-1: Called Strike 0-2: Ball 1-2: Foul Ball, location: 2F 1-2: Foul Ball, location: 2F 1-2: Ground out 6-3 (Groundball, 6M, EV 102.5 MPH)
|
|
Batting: RHB Jason Sher
|
0-0: Ball 1-0: Ground out 6-3 (Groundball, 6, EV 86.9 MPH)
|
|
Batting: SHB David Simpson
|
0-0: Called Strike 0-1: DOUBLE (Flyball, 89D, EV 94.4 MPH)
|
|
Batting: RHB Rodolfo Contreras
|
0-0: Called Strike 0-1: Foul Ball, location: 2F 0-2: Ball 1-2: Ball 2-2: Foul Ball, location: 2F 2-2: Ball 3-2: Strikes out swinging
|
| Bottom of the 3rd over - 0 runs, 1 hit, 0 errors, 1 left on base; Pawtucket 0 - Round Rock 0 |
| TOP OF THE 4TH |
|
Pawtucket Red Sox batting - Pitching for Round Rock Express : RHP Corey Larimer
|
|
Batting: LHB Tim Fuller
|
0-0: Called Strike 0-1: Ball 1-1: TRIPLE (Flyball, 9D, EV 86.9 MPH)
|
|
Batting: LHB Jarrett Mordecai
|
0-0: Ball 1-0: Ground out U3 (Groundball, 3, EV 85.0 MPH)
|
|
Batting: LHB Mike Mentzer
|
0-0: Foul Ball, location: 2F 0-1: Called Strike 0-2: Ball 1-2: Ball 2-2: Ball 3-2: Base on Balls
|
|
Batting: LHB John Bailey
|
0-0: Ball Mike Mentzer is caught stealing 2nd base 2-6 1-0: Swinging Strike 1-1: Ball 2-1: Foul Ball, location: 2F 2-2: Foul Ball, location: 2F 2-2: Foul Ball, location: 2F 2-2: Ground out 5-3 (Groundball, 5L, EV 86.2 MPH)
|
| Top of the 4th over - 0 runs, 1 hit, 0 errors, 1 left on base; Pawtucket 0 - Round Rock 0 |
| BOTTOM OF THE 4TH |
|
Round Rock Express batting - Pitching for Pawtucket Red Sox : RHP Adam Thomas
|
|
Batting: SHB Greg Prime
|
0-0: Swinging Strike 0-1: Ball 1-1: Swinging Strike 1-2: Foul Ball, location: 2F 1-2: Foul Ball, location: 2F 1-2: Ground out 4-3 (Groundball, 4, EV 102.5 MPH)
|
|
Batting: RHB Ernie Weathersbee
|
0-0: Ball 1-0: Called Strike 1-1: Foul Ball, location: 2F 1-2: Ball 2-2: Ball 3-2: Base on Balls
|
|
Batting: RHB Jason Keller
|
0-0: Ball Ernie Weathersbee steals 2nd base 1-0: TRIPLE (Flyball, 7LD, EV 103.1 MPH) Ernie Weathersbee scores
|
|
Batting: RHB Ivan Colon
|
Squeeze bunt is on, Jason Keller is out 0-1: Ground out 6-3 (Groundball, 6M, EV 85.0 MPH)
|
| Bottom of the 4th over - 1 run, 1 hit, 0 errors, 0 left on base; Pawtucket 0 - Round Rock 1 |
| TOP OF THE 5TH |
|
Pawtucket Red Sox batting - Pitching for Round Rock Express : RHP Corey Larimer
|
|
Batting: RHB Ernie Genier
|
0-0: Called Strike 0-1: Fly out, F4 (Line Drive, 4, EV 69.4 MPH)
|
|
Batting: RHB Dan Friess
|
0-0: Foul Ball, location: 2F 0-1: Fly out, F8 (Flyball, 8RM, EV 82.5 MPH)
|
|
Batting: RHB Eric Garrett
|
0-0: Ground out 4-3 (Groundball, 4, EV 88.8 MPH)
|
| Top of the 5th over - 0 runs, 0 hits, 0 errors, 0 left on base; Pawtucket 0 - Round Rock 1 |
| BOTTOM OF THE 5TH |
|
Round Rock Express batting - Pitching for Pawtucket Red Sox : RHP Adam Thomas
|
|
Batting: RHB John Loving
|
0-0: Swinging Strike 0-1: Ball 1-1: Swinging Strike 1-2: Foul Ball, location: 2F 1-2: Ball 2-2: Ball 3-2: Base on Balls
|
|
Batting: RHB Dale Aubrey
|
0-0: Ball 1-0: Fly out, F8 (Line Drive, 8RM, EV 92.5 MPH)
|
|
Batting: RHB Jason Sher
|
0-0: Ball 1-0: Called Strike John Loving steals 2nd base 1-1: Ground out 6-3 (Groundball, 6MD, EV 83.8 MPH) John Loving to third
|
|
Batting: SHB David Simpson
|
0-0: Ball 1-0: Foul Ball, location: 2F 1-1: Ball 2-1: Foul Ball, location: 2F 2-2: Ball 3-2: Ground out 6-3 (Groundball, 4M, EV 82.5 MPH)
|
| Bottom of the 5th over - 0 runs, 0 hits, 0 errors, 1 left on base; Pawtucket 0 - Round Rock 1 |
| TOP OF THE 6TH |
|
Pawtucket Red Sox batting - Pitching for Round Rock Express : RHP Corey Larimer
|
|
Batting: RHB Brandon Perris
|
0-0: Ball 1-0: SINGLE (Groundball, 6MD, EV 98.8 MPH)
|
|
Batting: LHB Mike Jones
|
0-0: Foul Ball, location: 2F 0-1: Called Strike 0-2: Ball 1-2: Ball 2-2: Ball 3-2: Base on Balls Brandon Perris to second
|
|
Batting: LHB Tim Fuller
|
0-0: Ball 1-0: DOUBLE (Flyball, 78XD, EV 90.6 MPH) Brandon Perris scores Mike Jones to third
|
|
Batting: LHB Jarrett Mordecai
|
0-0: Foul Ball, location: 2F 0-1: Foul Ball, location: 2F 0-2: Strikes out swinging
|
|
Batting: LHB Mike Mentzer
|
0-0: Foul Ball, location: 2F 0-1: SINGLE (Line Drive, 8LS, EV 107.5 MPH) Mike Jones scores Tim Fuller to third Runner from 3rd tries for Home, SAFE, throw by CF to home Mike Mentzer to second
|
|
Batting: LHB John Bailey
|
0-0: Intentional Walk
|
|
Batting: RHB Ernie Genier
|
0-0: Called Strike Mike Mentzer steals 3rd base 0-1: Ball 1-1: Grounds into double play, 6-4-3 (Groundball, 6, EV 77.5 MPH)
|
| Top of the 6th over - 3 runs, 3 hits, 0 errors, 1 left on base; Pawtucket 3 - Round Rock 1 |
| BOTTOM OF THE 6TH |
|
Round Rock Express batting - Pitching for Pawtucket Red Sox : RHP Adam Thomas
|
|
Batting: RHB Rodolfo Contreras
|
0-0: Ball 1-0: Called Strike 1-1: Foul Ball, location: 2F 1-2: Ball 2-2: Ball 3-2: Foul Ball, location: 2F 3-2: Base on Balls
|
|
Batting: SHB Greg Prime
|
0-0: Called Strike 0-1: Ball 1-1: Ball 2-1: Foul Ball, location: 2F 2-2: Foul Ball, location: 2F 2-2: Foul Ball, location: 2F 2-2: Strikes out looking
|
|
Pitching: RHP Danny Klomp
|
|
|
Batting: RHB Ernie Weathersbee
|
0-0: Called Strike 0-1: Ball 1-1: Swinging Strike 1-2: Strikes out swinging
|
|
Batting: RHB Jason Keller
|
0-0: Called Strike 0-1: Called Strike 0-2: Strikes out looking
|
| Bottom of the 6th over - 0 runs, 0 hits, 0 errors, 1 left on base; Pawtucket 3 - Round Rock 1 |
| TOP OF THE 7TH |
|
Pawtucket Red Sox batting - Pitching for Round Rock Express : RHP Corey Larimer
|
|
Batting: RHB Dan Friess
|
0-0: Ball 1-0: Called Strike 1-1: Swinging Strike 1-2: Strikes out swinging
|
|
Batting: RHB Eric Garrett
|
0-0: Foul Ball, location: 2F 0-1: Ball 1-1: Foul Ball, location: 2F 1-2: Foul Ball, location: 2F 1-2: Ball 2-2: Ground out 1-3 (Groundball, 13S, EV 69.4 MPH)
|
|
Batting: RHB Brandon Perris
|
0-0: Fly out, F7 (Flyball, 7D, EV 101.2 MPH)
|
| Top of the 7th over - 0 runs, 0 hits, 0 errors, 0 left on base; Pawtucket 3 - Round Rock 1 |
| BOTTOM OF THE 7TH |
|
Round Rock Express batting - Pitching for Pawtucket Red Sox : RHP Danny Klomp
|
|
Batting: RHB Ivan Colon
|
0-0: Foul Ball, location: 2F 0-1: Ball 1-1: Ball 2-1: Called Strike 2-2: Ball 3-2: Ground out 6-3 (Groundball, 6, EV 90.0 MPH)
|
|
Pinch Hitting: SHB Lorenzo Meza
|
0-0: Ball 1-0: Ground out 6-3 (Groundball, 4M, EV 79.4 MPH)
|
|
Batting: RHB Dale Aubrey
|
0-0: Foul Ball, location: 2F 0-1: Called Strike 0-2: Ball 1-2: Ball 2-2: Foul Ball, location: 2F 2-2: Foul Ball, location: 2F 2-2: Foul Ball, location: 2F 2-2: Fly out, F9 (Flyball, 9LS, EV 83.8 MPH)
|
| Bottom of the 7th over - 0 runs, 0 hits, 0 errors, 0 left on base; Pawtucket 3 - Round Rock 1 |
| TOP OF THE 8TH |
|
Pawtucket Red Sox batting - Pitching for Round Rock Express : RHP Corey Larimer
|
|
Now at 3B: Bobby Keithley
|
|
|
Batting: LHB Mike Jones
|
0-0: Called Strike 0-1: Ground out 3-1 (Groundball, 34, EV 106.9 MPH)
|
|
Batting: LHB Tim Fuller
|
0-0: Ground out U3 (Groundball, 34S, EV 84.4 MPH)
|
|
Batting: LHB Jarrett Mordecai
|
0-0: Ball 1-0: Ball 2-0: Ball 3-0: Base on Balls
|
|
Batting: LHB Mike Mentzer
|
0-0: Fly out, F7 (Flyball, 7, EV 86.2 MPH)
|
| Top of the 8th over - 0 runs, 0 hits, 0 errors, 1 left on base; Pawtucket 3 - Round Rock 1 |
| BOTTOM OF THE 8TH |
|
Round Rock Express batting - Pitching for Pawtucket Red Sox : RHP Danny Klomp
|
|
Batting: RHB Jason Sher
|
0-0: Called Strike 0-1: Ball 1-1: Ball 2-1: Called Strike 2-2: Foul Ball, location: 2F 2-2: Strikes out swinging
|
|
Batting: SHB David Simpson
|
0-0: Ball 1-0: Ball 2-0: SINGLE (Groundball, 4MS, EV 70.0 MPH) (infield hit)
|
|
Pitching: RHP Jaime Dunning
|
|
|
Batting: RHB Rodolfo Contreras
|
0-0: Ball 1-0: Swinging Strike 1-1: Swinging Strike 1-2: Strikes out swinging
|
|
Batting: SHB Greg Prime
|
0-0: Hit by Pitch David Simpson to second
|
|
Batting: RHB Ernie Weathersbee
|
0-0: Called Strike 0-1: Foul Ball, location: 2F 0-2: SINGLE (Groundball, 4MD, EV 106.2 MPH) David Simpson to third Greg Prime to second
|
|
Batting: LHB Manuel Arguello
|
0-0: Called Strike 0-1: Ball 1-1: Foul Ball, location: 2F 1-2: Foul Ball, location: 2F 1-2: Ball 2-2: Ball 3-2: Base on Balls David Simpson scores Greg Prime to third Ernie Weathersbee to second
|
|
Batting: RHB Ivan Colon
|
0-0: Called Strike 0-1: Called Strike 0-2: Ball 1-2: Ball 2-2: Ball 3-2: Strikes out swinging
|
| Bottom of the 8th over - 1 run, 2 hits, 0 errors, 3 left on base; Pawtucket 3 - Round Rock 2 |
| TOP OF THE 9TH |
|
Pawtucket Red Sox batting - Pitching for Round Rock Express : RHP Corey Larimer
|
|
Batting: LHB John Bailey
|
0-0: Called Strike 0-1: Foul Ball, location: 2F 0-2: Strikes out swinging
|
|
Batting: RHB Ernie Genier
|
0-0: Called Strike 0-1: Ball 1-1: DOUBLE (Line Drive, 7LD, EV 114.4 MPH)
|
|
Batting: RHB Dan Friess
|
0-0: Called Strike 0-1: Ground out 5-3 (Groundball, 56, EV 100.6 MPH)
|
|
Batting: RHB Eric Garrett
|
0-0: Called Strike 0-1: Swinging Strike 0-2: Strikes out looking
|
| Top of the 9th over - 0 runs, 1 hit, 0 errors, 1 left on base; Pawtucket 3 - Round Rock 2 |
| BOTTOM OF THE 9TH |
|
Round Rock Express batting - Pitching for Pawtucket Red Sox : RHP Jaime Dunning
|
|
Pitching: RHP Billy Fitzgerald
|
|
|
Batting: RHB Bobby Keithley
|
0-0: Ball 1-0: Ball 2-0: Foul Ball, location: 2F 2-1: Foul Ball, location: 2F 2-2: Ball 3-2: Ground out 6-3 (Groundball, 6S, EV 86.2 MPH)
|
|
Batting: RHB Dale Aubrey
|
0-0: Called Strike 0-1: Ground out 1-3 (Groundball, 34S, EV 63.1 MPH)
|
|
Batting: RHB Jason Sher
|
0-0: Swinging Strike 0-1: Foul Ball, location: 2F 0-2: Ball 1-2: Foul Ball, location: 2F 1-2: Strikes out swinging
|
| Bottom of the 9th over - 0 runs, 0 hits, 0 errors, 0 left on base; Pawtucket 3 - Round Rock 2 |
|